 Dungeon Crawl Stone Soup version 0.18-a0-1-gfac8111 (webtiles) character file.

15 mrath the Digger (level 2, 0/15 HPs)
             Began as a Gargoyle Earth Elementalist on Oct 30, 2015.
             Slain by a jackal (1 damage)
             ... on level 1 of the Dungeon.
             The game lasted 00:07:18 (758 turns).

mrath the Digger (Gargoyle Earth Elementalist)       Turns: 758, Time: 00:07:18

Health: 0/15       AC:  4    Str: 11    XL:     2   Next: 50%
Magic:  0/5        EV: 12    Int: 15    God:
Gold:   47         SH:  0    Dex: 10    Spells: 1 memorised, 5 levels left

rFire  . . .     SeeInvis .     o - +0 club
rCold  . . .     Clarity  .     b - +0 robe
rNeg   + . .     SustAt   .     (no shield)
rPois  ∞         Gourm    .     (no helmet)
rElec  +         Spirit   .     (no cloak)
rCorr  .         Warding  .     (no gloves)
rMut   .         Stasis   .     (no boots)
MR     .....                    (no amulet)
Stlth  ++........               (no ring)
                                (no ring)

@: not resistant to hostile enchantments, unstealthy
A: negative energy resistance 1, electricity resistance, unbreathing,
petrification resistance, rot immunity, AC +2
a: no special abilities


You were on level 1 of the Dungeon.
You were not hungry.

You visited 1 branch of the dungeon, and saw 1 of its levels.

You collected 47 gold pieces.

Inventory:

Hand Weapons
 j - a +0 mace of protection
 o - a +0 club (weapon)
 q - a cursed -1 short sword
Missiles
 a - 9 stones (quivered)
Armour
 b - a +0 robe (worn)
Scrolls
 e - 2 scrolls of fog {unknown}
 g - a scroll of amnesia {unknown}
 h - a scroll of identify {unknown}
 k - 2 scrolls of magic mapping {unknown}
 l - a scroll of random uselessness {unknown}
 m - a scroll of immolation {unknown}
Potions
 f - a potion of agility {unknown}
 p - a potion of curing {unknown}
Books
 c - a book of Geomancy

   Spells                             Type                      Level
   a - Sandblast                      Earth                        1
   b - Stoneskin                      Transmutation/Earth          2
   c - Passwall                       Transmutation/Earth          3
   d - Stone Arrow                    Conjuration/Earth            3
   e - Petrify                        Transmutation/Earth          4
   f - Lee's Rapid Deconstruction     Earth                        5
Comestibles
 d - 2 bread rations
 i - a slice of pizza
 n - 5 chunks of flesh


   Skills:
 - Level 1.5 Dodging
 - Level 2.1 Stealth
 * Level 2.6 Spellcasting
   Level 0.7 Transmutations
 + Level 3.9 Earth Magic


You had 5 spell levels left.
You knew the following spells:

 Your Spells              Type           Power        Failure   Level  Hunger
a - Sandblast             Erth           ##....       4%          1    #......


Dungeon Overview and Level Annotations

Branches:
Dungeon (1/15)

Altars:


Innate Abilities, Weirdness & Mutations

You are resistant to torment.
Your stone body is resilient (AC +2).
You are immune to poison.
You resist negative energy.
You are resistant to electric shocks.
You can survive without breathing.
You are immune to petrification.
You are immune to rotting.


Message History

The jackal is lightly wounded.
The jackal bites you but does no damage.
The jackal barely misses you.
Casting: Sandblast
Confirm with . or Enter, or press ? or * to list all spells.
Aiming: Sandblast
Press: ? - help, Shift-Dir - straight line, f/p - jackal
Aim: a jackal (lightly wounded)
The blast of sand hits the jackal.
The jackal is lightly wounded.
The jackal bites you but does no damage.
The jackal barely misses you.
You closely miss the jackal.
The jackal is lightly wounded.
The jackal bites you.
* * * LOW HITPOINT WARNING * * *
You closely miss the jackal.
The jackal is lightly wounded.
The jackal bites you.
You die...

#.# #.# #.#
#.######.######
#.#
#.............#
#.#
########.####.#
#.# #.# #.#
##.## #.# #.#
#.#.# #.# ##)##
##..#
#.###...####..#
#..@h.#.......#
#####...#####.#
#[#######.#
#.........#
#..########
#..# #.h# #..#
#..#


You could see a jackal.

Vanquished Creatures
  2 bats (D:1)
  A giant cockroach (D:1)
  2 goblins (D:1)
  3 hobgoblins (D:1)
  2 jackals (D:1)
  A kobold (D:1)
  A giant newt (D:1)
12 creatures vanquished.

Notes
Turn   | Place    | Note
--------------------------------------------------------------
     0 | D:1      | mrath the Gargoyle Earth Elementalist began the quest for the Orb.
     0 | D:1      | Reached XP level 1. HP: 10/10 MP: 3/3
   432 | D:1      | Reached XP level 2. HP: 15/15 MP: 3/5
   758 | D:1      | Slain by a jackal

Vault maps used:
D:1:      elethiomel_arrival_maze, minmay_misc_feat_tiny

Action                   || total
-------------------------++-------
Melee: Club              ||    24
 Cast: Sandblast         ||    20
 Stab: Sleeping          ||     1
